 Dungeon Crawl Stone Soup version 0.30.1-4-g462c640d31 (webtiles) character file.

Game seed: 17339074787315945538

2 Cheops the Ogre Mage (level 1, 0/16 HPs)
             Began as an Ogre Hedge Wizard on Aug 23, 2023.
             Slain by a jackal (2 damage)
             ... on level 1 of the Dungeon.
             The game lasted 00:00:57 (39 turns).

Cheops the Ogre Mage (Ogre Hedge Wizard)              Turns: 39, Time: 00:00:57

Health: 0/16       AC:  3    Str: 13    XL:     1   Next: 40%
Magic:  0/5        EV:  9    Int: 15    God:
Gold:   0          SH:  0    Dex:  8    Spells: 6/7 levels left

rFire   . . .        a - +0 dagger
rCold   . . .        (no shield)
rNeg    . . .        b - +0 robe
rPois   .            c - +0 hat
rElec   .            (no cloak)
rCorr   .            (gloves unavailable)
SInv    .            (boots unavailable)
Will    .....        (no amulet)
Stlth   +            (no ring)
HPRegen 0.22/turn    (no ring)
MPRegen 0.09/turn

%: no passive effects
@: no status effects
A: large, unfitting armour, tough skin 1
a: no special abilities


You were on level 1 of the Dungeon.
You visited 1 branch of the dungeon, and saw 1 of its levels.

Inventory:

Hand Weapons
 a - a +0 dagger (weapon)
Armour
 b - a +0 robe (worn)
 c - a +0 hat (worn)
Potions
 d - a potion of magic


   Skills:
 - Level 1.7 Dodging
 - Level 1.4 Stealth
 - Level 3.6 Spellcasting
 + Level 1.2 Conjurations
 - Level 0.8 Summonings
 - Level 0.8 Translocations


You had 6 spell levels left.
You knew the following spells:

 Your Spells              Type           Power      Damage    Failure   Level
a - Magic Dart            Conj           24%        1d4       11%         1

Your spell library contained the following spells:

 Spells                   Type           Power      Damage    Failure   Level
 Slow                     Hex            8%         N/A       19%         1
 Blink                    Tloc           10%        N/A       21%         2
 Call Imp                 Summ           10%        N/A       21%         2
 Cigotuvi's Dreadful Rot  Necr/Pois/Air  4%         N/A       28%         2
 Mephitic Cloud           Conj/Pois/Air  3%         N/A       43%         3


Dungeon Overview and Level Annotations

Branches:
Dungeon (1/15)

Altars:


Innate Abilities, Weirdness & Mutations

You are too large for most types of armour.
You have tough skin. (AC +1)


Message History

The jackal attacks as you move away!
The jackal bites you but does no damage.
Casting: Magic Dart (safe; 11% risk of failure)
Confirm with . or Enter, or press ? or * to list all spells.
You don't have enough magic to cast this spell.
You hit the jackal.
The jackal is lightly wounded.
The jackal closely misses you.
Casting: Magic Dart (safe; 11% risk of failure)
Confirm with . or Enter, or press ? or * to list all spells.
You don't have enough magic to cast this spell.
You hit the jackal but do no damage.
The jackal is lightly wounded.
The jackal bites you.
* * * LOW HITPOINT WARNING * * *
The jackal completely misses you.
Your magical contamination has completely faded away.
Casting: Magic Dart (safe; 11% risk of failure)
Confirm with . or Enter, or press ? or * to list all spells.
You don't have enough magic to cast this spell.
You closely miss the jackal.
The jackal is lightly wounded.
The jackal closely misses you.
Casting: Magic Dart (safe; 11% risk of failure)
Confirm with . or Enter, or press ? or * to list all spells.
You don't have enough magic to cast this spell.
You closely miss the jackal.
The jackal is lightly wounded.
The jackal bites you but does no damage.
The jackal bites you.
* * * LOW HITPOINT WARNING * * *
Casting: Magic Dart (safe; 11% risk of failure)
Confirm with . or Enter, or press ? or * to list all spells.
Aiming: Magic Dart (safe; 11% risk of failure)
Press: ? - help, Shift-Dir - straight line, f - jackal
Aim: a jackal (lightly wounded, 100% to hit)
The magic dart hits the jackal.
The jackal is severely wounded.
The jackal bites you.
You die...

.P~~~≈~~~≈.....~~≈~~
...............<.......
....P~~~~~~~≈h....~~~~~
....~≈≈~~~~≈~≈...≈≈≈~~~
...~~≈~~~~≈≈K...~~≈~~~
#.P~~~≈~≈≈wP...P~~~~~
#....................
#..###K...)........
#.@hhr........####
#####.........#
#.........# ###########


You could see a quokka, 2 jackals and a kobold.

Vanquished Creatures
  2 jackals (D:1)
2 creatures vanquished.

Notes
Turn   | Place    | Note
-------+----------+-------------------------------------------
     0 | D:1      | Cheops the Ogre Hedge Wizard began the quest for the Orb.
     0 | D:1      | Reached XP level 1. HP: 16/16 MP: 5/5
    21 | D:1      | Reached skill level 1 in Conjurations
    39 | D:1      | Slain by a jackal

Illustrated notes

Levels and vault maps discovered:
D:1:      giann_bridges, layout_rooms, hellmonk_ecumenical_altar_watching_god

Skill      XL: |  1 |
---------------+----+-----
Conjurations   | 1 |  1.2
Dodging        | |  1.7
Stealth        | |  1.4
Spellcasting   | |  3.6
Summonings     | |  0.8
Translocations | |  0.8

Action                     || total
---------------------------++-------
  Melee: Dagger            ||    16
   Cast: Magic Dart        ||     4
 Armour: Robe              ||    13
  Dodge: Dodged            ||    15
